 Dungeon Crawl Stone Soup version 0.28.0-53-g5a82cb258f (webtiles) character file.

Game seed: 14584894840237951713

32 Woods the Cudgeller (level 3, -6/23 HPs)
             Began as a Gargoyle Fighter on June 1, 2022.
             Killed from afar by Sigmund (7 damage)
             ... with a magic dart
             ... on level 2 of the Dungeon.
             The game lasted 00:01:34 (1027 turns).

Woods the Cudgeller (Gargoyle Fighter)              Turns: 1027, Time: 00:01:34

Health: -6/23      AC: 10    Str: 19    XL:     3   Next: 25%
Magic:  3/3        EV:  9    Int:  8    God:
Gold:   31         SH:  4    Dex: 11    Spells: 2/2 levels left

rFire   . . .      SeeInvis .   a - +0 flail
rCold   . . .      Faith    .   c - +0 buckler
rNeg    + . .      Spirit   .   b - +0 scale mail
rPois   ∞          Reflect  .   (no helmet)
rElec   +          Harm     .   (no cloak)
rCorr   .          Rampage  .   (no gloves)
Will    .....                   (no boots)
Stlth   ..........              (no amulet)
HPRegen 0.07/turn               (no ring)
MPRegen 0.08/turn               (no ring)

@: mighty
A: sickness immunity, AC +3, negative energy resistance 1, electricity
resistance, torment resistance 1, petrification resistance
a: no special abilities


You were on level 2 of the Dungeon.
You visited 1 branch of the dungeon, and saw 2 of its levels.

You collected 31 gold pieces.

Inventory:

Hand Weapons
 a - a +0 flail (weapon)
Armour
 b - a +0 scale mail (worn)
 c - a +0 buckler (worn)
Scrolls
 f - a scroll of amnesia {unknown}
 g - a scroll of identify {unknown}
Potions
 e - a potion of ambrosia {unknown}
 h - a potion of curing {unknown}


   Skills:
 - Level 3.3 Fighting
 + Level 3.4 Maces & Flails
 - Level 3.3 Armour
 - Level 3.3 Shields


You had 2 spell levels left.
You didn't know any spells.
Your spell library was empty.

Dungeon Overview and Level Annotations

Branches:
Dungeon (2/15)

Altars:

Shops:
D:1 [

Annotations:
D:2 Sigmund


Innate Abilities, Weirdness & Mutations

You are immune to sickness and miasma.
Your stone body is resilient. (AC +3)
You are immune to poison.
You resist negative energy. (rN+)
You are resistant to electric shocks. (rElec)
You are resistant to unholy torment.
You are immune to petrification.


Message History

The hobgoblin barely misses you.
You hit the hobgoblin.
You kill the hobgoblin!
You closely miss the hobgoblin. The hobgoblin hits you.
The hobgoblin barely misses you.
Sigmund laughs darkly.
Sigmund hits you from afar with a +0 scythe.
You closely miss the hobgoblin.
The hobgoblin hits you but does no damage.
The hobgoblin hits you but does no damage.
You feel very mighty all of a sudden. The hobgoblin hits you.
You closely miss the hobgoblin.
The hobgoblin hits you but does no damage.
Sigmund gestures wildly while chanting.
Sigmund flickers and vanishes!
Deactivating autopickup; reactivate with Ctrl-A.
You closely miss the hobgoblin. The hobgoblin closely misses you.
Something hits you but does no damage. You block the hobgoblin's attack.
Unknown command.
You sock the hobgoblin!
You kill the hobgoblin!
Something hits you.
You completely miss the hobgoblin.
The hobgoblin hits you but does no damage.
You barely miss the hobgoblin. The hobgoblin hits you.
* * * LOW HITPOINT WARNING * * *
Something hits you but does no damage. The hobgoblin barely misses you.
You sock the hobgoblin!
You kill the hobgoblin!
Unknown command.
Something hits you but does no damage.
You barely miss something. Something hits you but does no damage.
You sock something! Something hits you.
* * * LOW HITPOINT WARNING * * *
You bludgeon something!!
You hear some strange, mumbled words.
A magic dart appears from out of thin air!
The magic dart hits you!
You die...

....####...
...........#
..........# #
###.......<.##.#
#..............#
#........@..####
#.....###...#
#.....###.###
#..$...@{.#
###########


There were no monsters in sight!

Vanquished Creatures
  A dart slug (D:1)
  3 ball pythons (D:1)
  2 endoplasms (D:1)
  5 hobgoblins
  3 jackals (D:1)
  2 bats (D:1)
  3 frilled lizards (D:1)
  4 kobolds (D:1)
  5 rats (D:1)
28 creatures vanquished.

Notes
Turn   | Place    | Note
-------+----------+-------------------------------------------
     0 | D:1      | Woods the Gargoyle Fighter began the quest for the Orb.
     0 | D:1      | Reached XP level 1. HP: 14/14 MP: 1/1
     2 | D:1      | Noticed a merfolk
     4 | D:1      | Noticed a formicid
     6 | D:1      | Noticed a spriggan
     8 | D:1      | Noticed a dwarf
     8 | D:1      | Noticed an ogre
    10 | D:1      | Noticed a gargoyle
    12 | D:1      | Noticed an octopode
    12 | D:1      | Noticed a draconian
    14 | D:1      | Noticed a demonspawn
    14 | D:1      | Noticed a demigod
    16 | D:1      | Noticed a vine stalker
    16 | D:1      | Noticed a felid
    18 | D:1      | Noticed a vampire
    18 | D:1      | Noticed a tengu
    20 | D:1      | Noticed an elf
    20 | D:1      | Noticed a naga
    22 | D:1      | Noticed a ghoul
    22 | D:1      | Noticed a troll
    24 | D:1      | Noticed a minotaur
    26 | D:1      | Noticed a human
   250 | D:1      | Reached XP level 2. HP: 19/19 MP: 2/2
   802 | D:1      | Reached XP level 3. HP: 23/23 MP: 3/3
   845 | D:1      | Found Dentoimew's Armour Emporium.
  1005 | D:2      | Noticed Sigmund
  1026 | D:2      | HP: 1/23 [something (4)]
  1027 | D:2      | Killed from afar by Sigmund

Illustrated notes

Levels and vault maps discovered:
D:1:      kb_arrival_jail, layout_basic, serial_shops, nicolae_shop_crystal
D:2:      layout_basic, shapermc_ecumenical_altar_flowoftime, uniq_sigmund

Skill      XL: |  1  2 |
---------------+-------+-----
Maces & Flails | 3 |  3.4
Fighting       | |  3.3
Armour         | |  3.3
Shields        | |  3.3

Action                   || total
-------------------------++-------
Melee: Flail             ||   100
  Use: Potion            ||     1
Armor: Scale mail        ||    58
Dodge: Dodged            ||    49
Block: Buckler           ||    19
